 Dungeon Crawl Stone Soup version 0.28.0 (webtiles) character file.

Game seed: 4211277402506460017

1 GrayStillPlays the Firebug (level 1, -1/14 HPs)
             Began as a Hill Orc Fire Elementalist on Feb 7, 2022.
             Slain by a kobold (4 damage)
             ... on level 1 of the Dungeon.
             The game lasted 00:00:30 (56 turns).

GrayStillPlays the Firebug (HOFE)                     Turns: 56, Time: 00:00:30

Health: -1/14      AC:  2    Str: 10    XL:     1   Next: 20%
Magic:  1/3        EV: 12    Int: 15    God:
Gold:   0          SH:  0    Dex: 11    Spells: 2/3 levels left

rFire   . . .      SeeInvis .   (no weapon)
rCold   . . .      Faith    .   (no shield)
rNeg    . . .      Spirit   .   a - +0 robe
rPois   .          Reflect  .   (no helmet)
rElec   .          Harm     .   (no cloak)
rCorr   .          Rampage  .   (no gloves)
Will    .....                   (no boots)
Stlth   ++........              (no amulet)
HPRegen 0.04/turn               (no ring)
MPRegen 0.08/turn               (no ring)

@: no status effects
A: no striking features
a: no special abilities


You were on level 1 of the Dungeon.
You visited 1 branch of the dungeon, and saw 1 of its levels.


   Skills:
 + Level 1.6 Dodging
 - Level 1.5 Stealth
 + Level 1.5 Spellcasting
 + Level 1.0 Conjurations
 + Level 3.3 Fire Magic


You had 2 spell levels left.
You knew the following spells:

 Your Spells              Type           Power      Damage    Failure   Level
a - Foxfire               Conj/Fire      28%        2x1d5     10%         1

Your spell library contained the following spells:

 Spells                   Type           Power      Damage    Failure   Level
 Scorch                   Fire           22%        2d6       9%          2
 Conjure Flame            Conj/Fire      7%         6-21      28%         3
 Inner Flame              Hex/Fire       6%         N/A       34%         3
 Flame Wave               Conj/Fire      7%         2d5       67%         4

Inventory:

Missiles
 b - 11 stones {throwing}
Armour
 a - a +0 robe (worn)

Dungeon Overview and Level Annotations

Branches:
Dungeon (1/15)

Altars:

#......#..#
#.......# ###
####### ## ##..#
#...# #..# #.≈..#
###'### #....
#.≈≈.###.....###....
#≈≈≈.#≈#..>..#≈#....
#≈≈≈≈#.'..<..'.#....
#≈≈≈.#≈#..@..#≈#....
#.≈≈.###§gK§.###....
#.≈..# ###§### #....
##..# ##8.8## #..#
### ####'#### ##
##....§..##
#.§..§#...#
#..§§...#.#
##...§...##


You could see a hobgoblin and a kobold.


Message History

🤖 Initializing magus.rc ...
Options error: Delay interrupt name "hungry" not recognised. (~/.crawlrc:4770) Options error: Bad monster_list_colour key: strict_neutral (~/.crawlrc:4785) ✅ Successfully initialized magus.rc [v1.9.6] Welcome, GrayStillPlays the Hill Orc Fire Elementalist.
Below lies the Orb of Zot, rumoured to be powerful enough to resurrect a god...
Press ? for a list of commands and other information.
Found 11 stones.
Found an escape hatch in the floor.
Found a staircase leading out of the dungeon.
b - 11 stones {throwing} As you open the door, it creaks loudly!
You open the door.
There is an open door here.
You open the door.
There is an open door here.
You open the door.
There is an open door here.
You open the door.
There is an open door here.
You open the gate.
Found a stone staircase leading down.
A goblin comes into view. It is wielding a +0 dagger.
There is an open gate here.
You conjure some foxfire! 😎 MP[-1]
You lost 1 mp, and now have 2/3 mp.
You conjure some foxfire! 😎 MP[-1]
You lost 1 mp, and now have 1/3 mp.
You conjure some foxfire!
The goblin shouts!
The foxfire hits the goblin. x2
You kill the goblin! 😎 MP[-1]
You lost 1 mp, and now have 0/3 mp.
You are too depleted to draw on your mana recklessly!
A kobold comes into view. It is wielding a +0 dagger.
A kobold is nearby!
You are too depleted to draw on your mana recklessly!
You are too depleted to draw on your mana recklessly!
You are too depleted to draw on your mana recklessly!
The kobold shouts!
There is an open door here.
There is an open door here. 😎 MP[+1]
There is an open door here.
You closely miss the kobold. The kobold hits you but does no damage.
You hit the kobold. The kobold hits you with a +0 dagger.
A hobgoblin comes into view. 😕 HP[-2]
You take 2 damage, and now have 12/14 hp.
You barely miss the kobold.
The kobold hits you with a +0 dagger. 😕 HP[-1]
You take 1 damage, and now have 11/14 hp.
You closely miss the kobold. The kobold hits you but does no damage.
You closely miss the kobold.
The kobold hits you with a +0 dagger. 😮 HP[-1]
You take 1 damage, and now have 10/14 hp.
You barely miss the kobold. The kobold closely misses you.
You hit the kobold but do no damage. The kobold hits you with a +0 dagger.
* * * LOW HITPOINT WARNING * * *
😨 HP[-3]
You take 3 damage, and now have 7/14 hp.
MASSIVE DAMAGE!! (PAUSE) 😨 MP[+1]
You are too injured to fight recklessly!
Casting: Foxfire (safe; 10% risk of failure)
Confirm with . or Enter, or press ? or * to list all spells.
You conjure some foxfire!
The kobold hits you with a +0 dagger.
* * * LOW HITPOINT WARNING * * *
😨 HP[-2] MP[-1]
You take 2 damage, and now have 5/14 hp.
You lost 1 mp, and now have 1/3 mp.
You barely miss the kobold.
The foxfire hits the kobold but does no damage.
The foxfire hits the hobgoblin.
The kobold hits you with a +0 dagger.
* * * LOW HITPOINT WARNING * * *
😱 HP[-2]
You take 2 damage, and now have 3/14 hp.
You completely miss the kobold. The kobold hits you with a +0 dagger.
You die...

Action                   || total
-------------------------++-------
Melee: Unarmed           ||     9
 Cast: Foxfire           ||     4
Armor: Robe              ||     2
Dodge: Dodged            ||     1

Levels and vault maps discovered:
D:1:      shiori_arrival_elements, layout_rooms

Notes
Turn   | Place    | Note
-------+----------+-------------------------------------------
     0 | D:1      | GrayStillPlays the Hill Orc Fire Elementalist began the
                  | quest for the Orb.
     0 | D:1      | Reached XP level 1. HP: 14/14 MP: 3/3
     0 | D:1      | magus.rc [v1.9.6]
    55 | D:1      | HP: 3/14 [kobold (2)]
    56 | D:1      | Slain by a kobold

Vanquished Creatures
  A goblin (D:1)
1 creature vanquished.

Vanquished Creatures (others)
  7 foxfires (D:1)
7 creatures vanquished.

Grand Total: 8 creatures vanquished

Table legend:
 A = Non-vault XP
 B = Vault XP
 C = Vault XP percentage of total XP
 D = Non-vault monster count
 E = Vault monster count
 F = Vault count percentage of total count
                 A         B        C        D         E       F
            +---------+---------+-------+---------+---------+-------
      Total |       2 |       0 |   0.0 |       1 |       0 |   0.0
            +---------+---------+-------+---------+---------+-------
        D:1 |       2 |       0 |   0.0 |       1 |       0 |   0.0
            +---------+---------+-------+---------+---------+-------

Illustrated notes

Table legend:
 A = Kills in this place as a percentage of kills in entire the game.
 B = Kills by you in this place as a percentage of kills by you in the entire game.
 C = Kills by friends in this place as a percentage of kills by friends in the entire game.
 D = Other kills in this place as a percentage of other kills in the entire game.
 E = Experience gained in this place as a percentage of experience gained in the entire game.
 F = Experience gained in this place divided by the number of levels of this place that you have seen.
                   A       B       C       D       E      F
               +-------+-------+-------+-------+-------+----------------------
         Total | 100.0 | 100.0 |   N/A |   N/A | 100.0 |   2.0
       Dungeon | 100.0 | 100.0 |   N/A |   N/A | 100.0 |   2.0
               +-------+-------+-------+-------+-------+----------------------

Table legend: (Time is in decaauts)
 A = Elapsed time spent in this place.
 B = Non-inter-level travel time spent in this place.
 C = Inter-level travel time spent in this place.
 D = Time resting spent in this place.
 E = Time spent auto-exploring this place.
 F = Levels seen in this place.
 G = Mean time per level.
                   A        B        C        D        E       F      G
               +--------+--------+--------+--------+--------+-----+--------+
         Total |     56 |     56 |      0 |      0 |     28 |   1 |   56.0 |
       Dungeon |     56 |     56 |      0 |      0 |     28 |   1 |   56.0 |
               +--------+--------+--------+--------+--------+-----+--------+

Top non-repeatable levels by time:
     D:1: 56 daAuts
